cohdb
Replays
Latest Replays
All Replays
Popular Replays
Top Player Replays
Match Explorer
How It Works
Community
CoH3 Stats
Reddit
Sign in to upload your games and track your stats! →
Sign in with Steam
Match 45473446
Unlisted
Match 45473446
Overview
Messages
Build Orders
End
Construct Infanterie Kompanie
MG 42 Machine Gun Team
Selects Breakthrough Battlegroup
Selects Assault Grenadiers
Grenadier Squad
Grenadier Squad
Construct Panzergrenadier Kompanie
251 Medium Carrier
Medical Station
Support Elements
Nebelwerfer 42 Rocket Launcher Team
MG 42 Bunker
StuG III G Assault Gun
Selects Smoke Bombing Run
Selects Incendiary Bombing Run
StuG III G Assault Gun
Forward Retreat Point
Sandysandran
76561199423112223
飞鼠
Cygeron
kite
startzj
livaï
Field marshal Prince
0
0
Comments
sign in to comment!
No comments posted yet!